 Dungeon Crawl Stone Soup version 0.26-a0-665-gefeb406119 (webtiles) character file.

Game seed: 7912789408082659668

175 somkeydreadnuts the Magician (level 5, -5/37 HPs)
             Began as a Gnoll Hedge Wizard on Oct 15, 2020.
             Was an Initiate of Vehumet.
             Slain by a gnoll
             ... wielding a +0 flail
              (7 damage)
             ... on level 4 of the Dungeon.
             The game lasted 00:18:24 (2856 turns).

somkeydreadnuts the Magician (Gnoll Hedge Wizard)   Turns: 2856, Time: 00:18:24

Health: -5/37      AC:  8    Str: 12    XL:     5   Next: 55%
Magic:  2/14       EV: 13    Int: 18    God:    Vehumet [......]
Gold:   131        SH:  0    Dex: 14    Spells: 15/18 levels left

rFire    . . .     SeeInvis .   h - +0 hunting sling
rCold    . . .     Faith    .   (no shield)
rNeg     . . .     Spirit   .   l - +0 swamp dragon scales
rPois    +         Reflect  .   c - +0 hat
rElec    .         Harm     +   u - scarf {harm}
rCorr    .         Rampage  .   p - +0 pair of gloves
MR       .....                  (no boots)
Stlth    ++........             (no amulet)
HPRegen  0.12/turn              (no ring)
MPRegen  0.14/turn              (no ring)

@: very slightly contaminated
A: distributed training, fangs 1, strong nose
a: Renounce Religion


You were on level 4 of the Dungeon.
You worshipped Vehumet.
Vehumet was noncommittal.
You visited 1 branch of the dungeon, and saw 4 of its levels.

You collected 131 gold pieces.

Inventory:

Hand Weapons
 h - a +0 hunting sling (weapon)
 z - a +0 hand crossbow
 G - a +0 morningstar
Missiles
 a - 38 stones
 o - 8 boomerangs
 q - 33 arrows
 v - 5 atropa-tipped darts
 C - 8 javelins
 F - 33 sling bullets (quivered)
 H - 2 poisoned darts
Armour
 b - a +0 robe
 c - a +0 hat (worn)
 l - +0 swamp dragon scales (worn)
 p - a +0 pair of gloves (worn)
 u - a scarf of harm (worn)
Jewellery
 r - an uncursed amulet of the acrobat {unknown}
 t - an uncursed amulet of guardian spirit {unknown}
 B - a +4 ring of evasion
Wands
 D - a wand of paralysis (7)
Scrolls
 e - 2 scrolls of identify {unknown}
 j - 4 scrolls of teleportation {unknown}
 m - a scroll of random uselessness {unknown}
 w - a scroll of blinking {unknown}
 x - 5 scrolls of remove curse {unknown}
 y - a scroll of enchant weapon {unknown}
 I - a scroll of immolation {unknown}
Potions
 d - a potion of cancellation {unknown}
 f - 2 potions of resistance {unknown}
 g - a potion of brilliance {unknown}
 i - a potion of curing {unknown}
 k - 2 potions of might {unknown}
 n - 2 potions of degeneration {unknown}
 s - a potion of lignification {unknown}
 A - a potion of haste {unknown}
 E - a potion of stabbing {unknown}


   Skills:
 + Level 1.5 Fighting
 + Level 1.5 Short Blades
 + Level 1.5 Long Blades
 + Level 1.5 Axes
 + Level 1.5 Maces & Flails
 + Level 1.5 Polearms
 + Level 1.5 Staves
 + Level 1.5 Slings
 + Level 1.5 Bows
 + Level 1.5 Crossbows
 + Level 1.5 Throwing
 + Level 1.5 Armour
 + Level 4.8 Dodging
 + Level 4.4 Stealth
 + Level 1.5 Shields
 + Level 1.5 Unarmed Combat
 + Level 7.3 Spellcasting
 + Level 2.4 Conjurations
 + Level 1.2 Hexes
 + Level 2.4 Summonings
 + Level 1.2 Necromancy
 + Level 2.4 Translocations
 + Level 1.2 Transmutations
 + Level 1.2 Fire Magic
 + Level 1.2 Ice Magic
 + Level 1.2 Air Magic
 + Level 1.2 Earth Magic
 + Level 1.2 Poison Magic
 + Level 1.7 Invocations
 + Level 1.5 Evocations


You had 15 spell levels left.
You knew the following spells:

 Your Spells              Type           Power        Failure   Level
a - Magic Dart            Conj           ###.         9%          1
b - Blink                 Tloc           N/A          13%         2

Your spell library contained the following spells:

 Spells                   Type           Power        Failure   Level
 Call Imp                 Summ           ###.....     13%         2
 Slow                     Hex            ##......     22%         2
 Conjure Flame            Conj/Fire      ##......     32%         3
 Mephitic Cloud           Conj/Pois/Air  ##......     34%         3


Dungeon Overview and Level Annotations

Branches:
Dungeon (4/15)
 Temple: D:4-7

Altars:
Okawaru
Vehumet

Annotations:
D:4 exclusion: statue


Innate Abilities, Weirdness & Mutations

Your experience applies equally to all skills.
You have very sharp teeth.
Your uncanny sense of smell can sniff out nearby items.


Message History

The gnoll hits you but does no damage. The gnoll closely misses you.
The gnoll misses you.
Really attack while wielding your +0 hunting sling? [Y]es or [N]o only, please.
Really attack while wielding your +0 hunting sling? [Y]es or [N]o only, please.
Really attack while wielding your +0 hunting sling? [Y]es or [N]o only, please.
Really attack while wielding your +0 hunting sling? [Y]es or [N]o only, please.
Really attack while wielding your +0 hunting sling? [Y]es or [N]o only, please.
Really attack while wielding your +0 hunting sling?
Okay, then.
The gnoll barely misses you. The gnoll hits you but does no damage.
The gnoll hits you.
* * * LOW HITPOINT WARNING * * *
The gnoll misses you. The gnoll hits you with a +0 flail.
You die...

#.# #.# #.# #.######
### ##......# #..
#####....<..# !.#
#.........†.###.#
#.#####......g#.###.#..
#.#...#......@g......(.
#.#.8.#.....#g#.#?...##
##.#...#.#####...#
#.#.. #..#._.#.# ##.>..
.. #..#...#.# ##..### #
#..#...#.##∆......
#..#..$#..#....##.#
#..##.##.......# ..
#|.......##....#


You could see 3 gnolls.

Vanquished Creatures
  An iguana (D:4)
  5 adders
  An ooze (D:2)
  5 dart slugs
  2 worms
  2 leopard geckos (D:2)
  8 orcs (D:3)
  3 giant cockroaches
  11 goblins
  8 hobgoblins
  6 jackals (D:1)
  2 kobolds
  2 quokkas
  A ball python (D:2)
  6 bats
  2 frilled lizards
  6 rats
71 creatures vanquished.

Notes
Turn   | Place    | Note
-------+----------+-------------------------------------------
     0 | D:1      | somkeydreadnuts the Gnoll Hedge Wizard began the quest for
                  | the Orb.
     0 | D:1      | Reached XP level 1. HP: 13/13 MP: 8/8
   216 | D:1      | Reached XP level 2. HP: 19/19 MP: 8/10
   854 | D:1      | Reached XP level 3. HP: 25/25 MP: 8/11
   916 | D:2      | Learned a level 2 spell: Blink
  1165 | D:2      | Reached skill level 1 in Invocations
  1283 | D:2      | Reached skill level 1 in Fighting
  1283 | D:2      | Reached skill level 1 in Short Blades
  1283 | D:2      | Reached skill level 1 in Long Blades
  1283 | D:2      | Reached skill level 1 in Axes
  1283 | D:2      | Reached skill level 1 in Maces & Flails
  1283 | D:2      | Reached skill level 1 in Polearms
  1283 | D:2      | Reached skill level 1 in Staves
  1283 | D:2      | Reached skill level 1 in Slings
  1283 | D:2      | Reached skill level 1 in Bows
  1283 | D:2      | Reached skill level 1 in Crossbows
  1283 | D:2      | Reached skill level 1 in Throwing
  1283 | D:2      | Reached skill level 1 in Armour
  1283 | D:2      | Reached skill level 1 in Shields
  1283 | D:2      | Reached skill level 1 in Unarmed Combat
  1283 | D:2      | Reached skill level 1 in Evocations
  1345 | D:2      | Reached XP level 4. HP: 32/32 MP: 9/13
  1997 | D:2      | Reached skill level 1 in Hexes
  1997 | D:2      | Reached skill level 1 in Necromancy
  1997 | D:2      | Reached skill level 1 in Transmutations
  1997 | D:2      | Reached skill level 1 in Fire Magic
  1997 | D:2      | Reached skill level 1 in Ice Magic
  1997 | D:2      | Reached skill level 1 in Air Magic
  1997 | D:2      | Reached skill level 1 in Earth Magic
  1997 | D:2      | Reached skill level 1 in Poison Magic
  2493 | D:3      | Reached XP level 5. HP: 37/37 MP: 8/14
  2592 | D:3      | Found an iron altar of Okawaru.
  2695 | D:4      | Found a radiant altar of Vehumet.
  2754 | D:4      | Noticed a frost-covered statue
  2796 | D:4      | Became a worshipper of Vehumet
  2856 | D:4      | Slain by a gnoll

Illustrated notes

Levels and vault maps discovered:
D:1:      ebering_trefoil_twist, layout_loops_ring, corner_web_ring,
          minivault_11
D:2:      layout_loops_cross, kennysheep_generic_room_7
D:3:      layout_basic, okawaru_ov_weapons_minmay
D:4:      layout_rooms, vehumet_statue, minmay_temple_entry_poolview

Skill      XL: |  1  2  3  4 |
---------------+-------------+-----
Conjurations   | 2 |  2.4
Summonings     | 2 |  2.4
Translocations | 2 |  2.4
Invocations    | 1 |  1.7
Fighting       | 1 |  1.5
Short Blades   | 1 |  1.5
Long Blades    | 1 |  1.5
Axes           | 1 |  1.5
Maces & Flails | 1 |  1.5
Polearms       | 1 |  1.5
Staves         | 1 |  1.5
Slings         | 1 |  1.5
Bows           | 1 |  1.5
Crossbows      | 1 |  1.5
Throwing       | 1 |  1.5
Armour         | 1 |  1.5
Shields        | 1 |  1.5
Unarmed Combat | 1 |  1.5
Evocations     | 1 |  1.5
Hexes          | 1 |  1.2
Necromancy     | 1 |  1.2
Transmutations | 1 |  1.2
Fire Magic     | 1 |  1.2
Ice Magic      | 1 |  1.2
Air Magic      | 1 |  1.2
Earth Magic    | 1 |  1.2
Poison Magic   | 1 |  1.2
Dodging        | |  4.8
Stealth        | |  4.4
Spellcasting   | |  7.3

Action                   |  1- 3 |  4- 6 || total
-------------------------+-------+-------++-------
Melee: Dagger            |     2 |    61 ||    63
       Bite              |     1 |     8 ||     9
 Fire: Hunting sling     |       |    29 ||    29
 Cast: Magic Dart        |    75 |   108 ||   183
       Blink             |       |     1 ||     1
Armor: Swamp dragon scal |     1 |    46 ||    47
Dodge: Dodged            |    18 |    88 ||   106

Table legend: (Time is in decaauts)
 A = Elapsed time spent in this place.
 B = Non-inter-level travel time spent in this place.
 C = Inter-level travel time spent in this place.
 D = Time resting spent in this place.
 E = Time spent auto-exploring this place.
 F = Levels seen in this place.
 G = Mean time per level.
                   A        B        C        D        E       F      G
               +--------+--------+--------+--------+--------+-----+--------+
         Total |   2862 |   2855 |      7 |      0 |   1751 |   4 |  715.5 |
       Dungeon |   2862 |   2855 |      7 |      0 |   1751 |   4 |  715.5 |
               +--------+--------+--------+--------+--------+-----+--------+

Top non-repeatable levels by time:
     D:2: 1281 daAuts
     D:1: 898 daAuts
     D:3: 505 daAuts
     D:4: 177 daAuts
